 Dungeon Crawl Stone Soup version 0.18-a0-824-g47fe746 (webtiles) character file.

471 cluie the Chiller (level 6, 0/47 HPs)
             Began as a Demonspawn Ice Elementalist on Dec 17, 2015.
             Slain by WhatsThis's ghost (1 damage)
             ... while paralysed by WhatsThis's ghost
             ... on level 5 of the Dungeon.
             The game lasted 00:05:41 (3329 turns).

cluie the Chiller (Demonspawn Ice Elementalist)     Turns: 3329, Time: 00:05:41

Health: 0/47       AC:  6    Str:  8    XL:     6   Next: 83%
Magic:  0/11       EV:  2    Int: 18    God:
Gold:   174        SH:  0    Dex: 13    Spells: 3 memorised, 3 levels left

rFire  . . .     SeeInvis .     o - +1 dagger (drain)
rCold  . . .     Gourm    .     a - +0 robe
rNeg   . . .     Faith    .     (no shield)
rPois  +         Spirit   +     (no helmet)
rElec  .         Dismiss  .     (no cloak)
rCorr  .         Reflect  .     (no gloves)
SustAt .         Harm     +     (no boots)
MR     .....                    p - amulet of harm
Stlth  ++........               (no ring)
                                e - ring of poison resistance

@: paralysed, drained, not resistant to hostile enchantments, unstealthy
A: rough black scales 1, spiny 1, magic shield
a: no special abilities


You were on level 5 of the Dungeon.
You were not hungry.

You visited 2 branches of the dungeon, and saw 6 of its levels.

You collected 174 gold pieces.

Inventory:

Hand Weapons
 o - a +1 dagger of draining (weapon)
Armour
 a - a +0 robe (worn)
Jewellery
 e - a ring of poison resistance (left hand)
 k - an uncursed ring of fire
 p - an amulet of harm (around neck)
Scrolls
 f - a scroll of remove curse
 g - a scroll of amnesia
 i - a scroll of recharging
 m - a scroll of identify
Potions
 d - 2 potions of magic
 h - a potion of resistance
 j - 3 potions of heal wounds
 n - a potion of invisibility
 q - a potion of curing
 t - a potion of haste
Books
 b - a book of Frost

   Spells                             Type                      Level
   a - Freeze                         Ice                          1
   b - Throw Frost                    Conjuration/Ice              2
   c - Ozocubu's Armour               Charms/Ice                   3
   d - Throw Icicle                   Conjuration/Ice              4
   e - Summon Ice Beast               Ice/Summoning                4
   f - Condensation Shield            Ice                          4
 s - a book of Enchantments

   Spells                             Type                      Level
   a - Cause Fear                     Hexes                        4
   b - Yara's Violent Unravelling     Hexes/Transmutation          5
   c - Silence                        Hexes/Air                    5
   d - Deflect Missiles               Charms/Air                   6
   e - Haste                          Charms                       6
   f - Discord                        Hexes                        8
Comestibles
 c - 4 bread rations
 l - 2 meat rations


   Skills:
 + Level 3.1(2.7) Fighting
 + Level 3.3(3.0) Dodging
 - Level 1.7(1.4) Stealth
 + Level 3.3(3.0) Spellcasting
   Level 1.0(0.6) Conjurations
 + Level 1.1(0.7) Summonings
 + Level 4.6(4.3) Ice Magic


You had 3 spell levels left.
You knew the following spells:

 Your Spells              Type           Power        Failure   Level  Hunger
a - Freeze                Ice            ###.         2%          1    None
b - Ozocubu's Armour      Chrm/Ice       ##......     24%         3    ###....
c - Summon Ice Beast      Ice/Summ       ##......     67%         4    ####...


Dungeon Overview and Level Annotations

Branches:
Dungeon (5/15)             Temple (1/1) D:4

Altars:
Ashenzari
Cheibriados
Dithmenos
Fedhas
Kikubaaqudgha
Okawaru
Pakellas
Qazlal
Ru
Sif Muna
Trog
Vehumet
Xom
Yredelemnul
The Shining One

Annotations:
D:5 WhatsThis's ghost, novice TrWr


Innate Abilities, Weirdness & Mutations

You are partially covered in rough black scales (AC +4, Dex -1).
You are partially covered in sharp spines.
When hurt, damage is shared between your health and your magic reserves.


Message History

The crimson imp blinks!
WhatsThis's ghost is struck by your spines.
WhatsThis's ghost hits you but does no damage.
The crimson imp is struck by your spines.
The crimson imp hits you but does no damage.
WhatsThis's ghost hits you.
WhatsThis's ghost is struck by your spines.
WhatsThis's ghost hits you!
You feel drained.
The crimson imp blinks!
The crimson imp hits you.
WhatsThis's ghost ducks and says, "Too high!"
WhatsThis's ghost hits you.
* * * LOW HITPOINT WARNING * * *
WhatsThis's ghost burns you.
* * * LOW HITPOINT WARNING * * *
Your icy armour melts away.
The crimson imp hits you but does no damage.
WhatsThis's ghost is struck by your spines.
WhatsThis's ghost hits you!
* * * LOW HITPOINT WARNING * * *
You die...

#.......
.......
#..... #....
#... #.ยง#
#)W####.#.
#5@.......
####.#######.
#...(# #.####
#.# #.# #.#
#.# #.#


You could see WhatsThis's ghost and a crimson imp.

Vanquished Creatures
  Sigmund (D:4)
  An ice beast (D:5)
  A crimson imp (D:5)
  3 orc wizards
  3 adders
  2 oozes
  A worm (D:3)
  3 giant geckos
  13 orcs
  6 bats
  4 giant cockroaches
  10 hobgoblins
  2 quokkas
  A giant gecko skeleton (D:5)
  2 giant newts
  7 goblins
  3 jackals (D:1)
  A jackal skeleton (D:5)
  6 kobolds
  5 rats
75 creatures vanquished.

Notes
Turn   | Place    | Note
--------------------------------------------------------------
     0 | D:1      | cluie the Demonspawn Ice Elementalist began the quest for the Orb.
     0 | D:1      | Reached XP level 1. HP: 13/13 MP: 3/3
   195 | D:1      | Gained mutation: You are partially covered in rough black scales (AC +4, Dex -1). [demonic ancestry]
   195 | D:1      | Reached XP level 2. HP: 8/20 MP: 0/5
   212 | D:1      | Reached skill level 3 in Ice Magic
   216 | D:1      | Reached skill level 1 in Fighting
   661 | D:2      | Gained mutation: You are partially covered in sharp spines. [demonic ancestry]
   661 | D:2      | Reached XP level 3. HP: 26/26 MP: 6/6
   666 | D:2      | Learned a level 3 spell: Ozocubu's Armour
   679 | D:2      | Found a basalt altar of Yredelemnul.
  1384 | D:3      | Gained mutation: When hurt, damage is shared between your health and your magic reserves. [demonic ancestry]
  1384 | D:3      | Reached XP level 4. HP: 33/33 MP: 7/7
  1507 | D:3      | You fall through a shaft for 2 floors!
  1507 | D:5      | Entered Level 5 of the Dungeon
  1594 | D:4      | Noticed Sigmund
  1614 | D:4      | Killed Sigmund
  1614 | D:4      | Reached skill level 4 in Ice Magic
  1614 | D:4      | Reached XP level 5. HP: 2/39 MP: 0/9
  1614 | D:4      | Reached XP level 6. HP: 2/46 MP: 0/10
  1969 | D:4      | Learned a level 4 spell: Summon Ice Beast
  2895 | D:4      | Found a staircase to the Ecumenical Temple.
  2950 | Temple   | Entered the Ecumenical Temple
  3241 | D:5      | Found a shimmering altar of Xom.
  3310 | D:5      | Reached skill level 1 in Summonings
  3318 | D:5      | Noticed WhatsThis's ghost (novice TrWr)
  3324 | D:5      | Paralysed by WhatsThis's ghost for 6 turns
  3329 | D:5      | HP: 1/47 [WhatsThis's ghost (9)]
  3329 | D:5      | Slain by WhatsThis's ghost

Vault maps used:
D:1:      dpeg_arrival_rooms_c
D:2:      yredelemnul_altar_generic
D:3:      first_bread
D:4:      minmay_temple_entry_glassed_door, uniq_sigmund
D:5:      led_xom_imps
Temple:   water_room_temple_a_12

Action                   |  1- 3 |  4- 6 || total
-------------------------+-------+-------++-------
Melee: Spear             |    97 |    44 ||   141
       Unarmed           |     2 |       ||     2
       Dagger            |       |    43 ||    43
 Cast: Freeze            |    13 |     8 ||    21
       Ozocubu's Armour  |       |     1 ||     1
  Use: Scroll            |       |    13 ||    13
 Stab: Sleeping          |     1 |     2 ||     3
  Eat: Chunk             |     2 |     6 ||     8
